 Dungeon Crawl Stone Soup version 0.24.0-13-gcf9b319 (webtiles) character file.

Game seed: 11891230174908162192, levelgen mode: deterministic

64 Birdy the Slasher (level 4, -2/31 HPs)
             Began as a Halfling Monk on Dec 24, 2019.
             Slain by an adder (5 damage)
             ... on level 2 of the Dungeon.
             The game lasted 00:03:08 (1125 turns).

Birdy the Slasher (Halfling Monk)                   Turns: 1125, Time: 00:03:09

Health: -2/31      AC:  3    Str: 12    XL:     4   Next: 32%
Magic:  4/4        EV: 15    Int:  8    God:
Gold:   131        SH:  0    Dex: 17    Spells: 3/3 levels left

rFire    . . .     SeeInvis .   a - +0 falchion
rCold    . . .     Gourm    .   (shield restricted)
rNeg     . . .     Faith    .   i - +0 leather armour
rPois    .         Spirit   .   (no helmet)
rElec    .         Reflect  .   (no cloak)
rCorr    .         Harm     .   (no gloves)
MR       .....                  (no boots)
Stlth    ++........             (no amulet)
HPRegen  0.10/turn              (no ring)
MPRegen  0.09/turn              (no ring)

@: no status effects
A: small, mutation resistance 1
a: no special abilities


You were on level 2 of the Dungeon.
You were hungry.

You visited 1 branch of the dungeon, and saw 2 of its levels.

You collected 131 gold pieces.

Inventory:

Hand Weapons
 a - a +0 falchion (weapon)
Missiles
 h - an atropa-tipped dart (quivered)
Armour
 i - a +0 leather armour (worn)
 n - a +0 buckler
Scrolls
 e - 4 scrolls of remove curse {unknown}
 g - a scroll of identify {unknown}
 k - 2 scrolls of fear {unknown}
 m - a scroll of magic mapping {unknown}
Potions
 d - a potion of degeneration {unknown}
 f - a potion of agility {unknown}
 j - a potion of heal wounds {unknown}
 l - a potion of lignification {unknown}
Comestibles
 c - 3 rations


   Skills:
 + Level 3.3 Fighting
 + Level 3.7 Long Blades
 + Level 2.1 Armour
 - Level 3.2 Dodging
 - Level 2.1 Stealth
 + Level 0.0 Shields


You had 3 spell levels left.
You didn't know any spells.
Your spell library was empty.

Dungeon Overview and Level Annotations

Branches:
Dungeon (2/15)

Altars:
Cheibriados


Innate Abilities, Weirdness & Mutations

You are small and have problems with some larger weapons.
You are somewhat resistant to further mutation.


Message History

You closely miss the adder.
The adder is heavily wounded.
The orc priest is no longer blind.
The adder misses you.
You riposte.
You closely miss the adder.
The adder is heavily wounded.
The adder bites you but does no damage. The orc misses you.
You barely miss the adder.
The adder is heavily wounded.
You feel sick. The adder closely misses you. The orc completely misses you.
You hit the adder but do no damage.
The adder is moderately wounded.
The adder bites you.
The orc hits you from afar with a +0 trident.
The adder barely misses you.
You feel better.
The orc priest invokes the aid of Beogh against you.
Beogh smites you!
* * * LOW HITPOINT WARNING * * *
The adder bites you.
You die...

#... ## #..# #..
##... #.#
#######.... #.#
#####........##
#.#
#.....#####..#
######.####.#####
#..#
.....#o##...#
####.##
#(.oS@.### #....#
###(#### ####.#
.....(..# #.#
........#
########÷###
...$.....
##.....##†...
.........
##............
...o.....#
#.............
.(.......#
#.............
.........#
#.............


You could see an orc priest, an adder and an orc.

Vanquished Creatures
  2 adders (D:2)
  A dart slug (D:2)
  A leopard gecko (D:2)
  2 orcs (D:2)
  3 giant cockroaches (D:2)
  7 goblins
  5 hobgoblins (D:1)
  A jackal (D:2)
  A quokka (D:2)
  3 bats
  2 frilled lizards (D:2)
  5 kobolds
  5 rats
38 creatures vanquished.

Notes
Turn   | Place    | Note
-------+----------+-------------------------------------------
     0 | D:1      | Birdy the Halfling Monk began the quest for the Orb.
     0 | D:1      | Reached XP level 1. HP: 15/15 MP: 1/1
   189 | D:1      | Reached XP level 2. HP: 20/20 MP: 2/2
   310 | D:1      | Reached skill level 1 in Armour
   572 | D:1      | Reached XP level 3. HP: 26/26 MP: 3/3
   793 | D:2      | Found a snail-covered altar of Cheibriados.
   968 | D:2      | Reached XP level 4. HP: 18/31 MP: 4/4
  1125 | D:2      | Slain by an adder

Levels and vault maps discovered:
D:1:      wander_arrival_lonely_grave, layout_loops_ring
D:2:      layout_rooms, lemuel_round_altar, chequers_ecumenical_altar_island,
          minmay_tetromino_i4

Skill      XL: |  1  2  3 |
---------------+----------+-----
Armour         | 1 2 |  2.1
Fighting       | 3 |  3.3
Long Blades    | |  3.7
Dodging        | |  3.2
Stealth        | |  2.1

Action                   |  1- 3 |  4- 6 || total
-------------------------+-------+-------++-------
Melee: Falchion          |    83 |    25 ||   108
Throw: Dart              |     5 |     7 ||    12
  Use: Potion            |       |     2 ||     2
 Stab: Sleeping          |     6 |       ||     6
       Invisible         |     2 |       ||     2
Armor: Robe              |     2 |       ||     2
       Leather armour    |     7 |     2 ||     9
Dodge: Dodged            |    61 |    41 ||   102
       Rpst.: Falchion   |    18 |     7 ||    25
